 Dungeon Crawl Stone Soup version 0.26-a0-937-g67df3f2acb (webtiles) character file.

Game seed: 1992251024369274927

882 Ijustatesigmund the Skirmisher (level 8, -3/57 HPs)
             Began as an Octopode Fighter on Nov 27, 2020.
             Slain by a sky beast (6 damage)
             ... on level 6 of the Dungeon.
             The game lasted 00:07:12 (5080 turns).

Ijustatesigmund the Skirmisher (Octopode Fighter)   Turns: 5080, Time: 00:07:13

Health: -3/57      AC:  1    Str: 18    XL:     8   Next: 5%
Magic:  8/8        EV: 13    Int: 11    God:
Gold:   408        SH: 13    Dex: 12    Spells: 7/7 levels left

rFire    . . .     SeeInvis .   a - +5 war axe
rCold    . . .     Faith    .   b - +4 kite shield
rNeg     . . .     Spirit   .   (helmet restricted)
rPois    +         Reflect  .   (no amulet)
rElec    .         Harm     .   (no ring)
rCorr    .         Rampage  .   (no ring)
MR       .....                  (no ring)
Stlth    ++........             (no ring)
HPRegen  0.19/turn              (no ring)
MPRegen  0.11/turn              (no ring)
                                (no ring)
                                (no ring)

@: no status effects
A: almost no armour, stealthy swim, amphibious, 8 rings, constrict 8, tentacle
spike 1, camouflage 1, poison resistance, strong 1, gelatinous body 1
a: no special abilities


You were on level 6 of the Dungeon.
You visited 1 branch of the dungeon, and saw 6 of its levels.

You collected 408 gold pieces.

Inventory:

Hand Weapons
 a - a +5 war axe (weapon)
Missiles
 f - 2 atropa-tipped darts (quivered)
Armour
 b - a +4 kite shield (worn)
Wands
 k - a wand of paralysis (10)
Scrolls
 e - 4 scrolls of remove curse
 h - a scroll of blinking
 i - 3 scrolls of teleportation
 j - 2 scrolls of identify
Potions
 d - a potion of flight
 g - 2 potions of curing
 l - 3 potions of attraction


   Skills:
 * Level 5.7 Fighting
 + Level 5.5 Axes
 + Level 4.7 Dodging
 + Level 4.6 Shields


You had 7 spell levels left.
You didn't know any spells.
Your spell library contained the following spells:

 Spells                   Type           Power        Failure   Level
 Animate Skeleton         Necr           #.....       80%         1
 Pain                     Necr           #...         80%         1
 Vampiric Draining        Necr           #.........   99%         3
 Animate Dead             Necr           #.........   100%        4
 Agony                    Necr           #.......     100%        5


Dungeon Overview and Level Annotations

Branches:
Dungeon (6/15)
 Temple: D:4-7

Altars:


Innate Abilities, Weirdness & Mutations

You cannot wear most types of armour.
You are very stealthy in the water. (Stealth+)
You are amphibious.
You can wear up to eight rings at the same time.
You can use your tentacles to constrict eight enemies at once.
Your skin changes colour to match your surroundings (Stealth+).
Your rubbery body absorbs attacks. (AC +1, EV +1)
One of your tentacles bears a spike.
Your system is resistant to poisons. (rPois)
Your muscles are strong. (Str +2)


Message History

You are too injured to fight recklessly!
You are too injured to fight recklessly!
You are too injured to fight recklessly!
You slash the orc warrior! Your grab misses the orc warrior.
Your tentacle spike misses the orc warrior.
The orc warrior is severely wounded.
You hit something but do no damage. You block the orc warrior's attack.
Something hits you. Something shocks you.
You closely miss the orc warrior. You grab the orc warrior.
You pierce the orc warrior, but do no damage.
You squeeze the orc warrior, but do no damage.
The orc warrior is severely wounded.
You slash something!
You constrict the orc warrior, but do no damage.
The orc warrior hits you with a +0 morningstar!
* * * LOW HITPOINT WARNING * * *
Something hits you.
* * * LOW HITPOINT WARNING * * *
Something shocks you.
You die...

........
........ #.....
##...## #.....##
#### #......#
.....
##.....#......
##.....@....>..
#.......o8.....
###..##.........
#....####...8.8.
##...####.......
##..##...8.....
#....#......<..
##.####.#......
... #......##
#...


You could see an orc warrior.

Vanquished Creatures
  3 ogres (D:4)
  2 scorpions (D:4)
  A hound (D:4)
  A bullfrog skeleton (D:5)
  An orc wizard (D:3)
  Crazy Yiuf (D:3)
  3 iguanas (D:4)
  Terence (D:2)
  5 worker ants
  A hound zombie (D:6)
  Robin (D:3)
  3 adders
  3 gnolls (D:4)
  An adder skeleton (D:4)
  3 worms
  2 dart slugs
  3 leopard geckos
  9 orcs
  5 giant cockroaches
  20 goblins
  6 hobgoblins
  10 jackals
  4 kobolds
  3 quokkas
  2 ball pythons
  7 bats
  3 frilled lizards
  5 rats
109 creatures vanquished.

Notes
Turn   | Place    | Note
-------+----------+-------------------------------------------
     0 | D:1      | Ijustatesigmund the Octopode Fighter began the quest for
                  | the Orb.
     0 | D:1      | Reached XP level 1. HP: 16/16 MP: 1/1
   294 | D:1      | Reached XP level 2. HP: 21/21 MP: 2/2
   696 | D:1      | Gained mutation: One of your tentacles bears a spike.
                  | [potion of mutation]
   696 | D:1      | Gained mutation: Your system is resistant to poisons.
                  | (rPois) [potion of mutation]
   696 | D:1      | Gained mutation: Your muscles are strong. (Str +2) [potion
                  | of mutation]
  1236 | D:2      | Reached XP level 3. HP: 13/26 MP: 3/3
  1509 | D:2      | Noticed Terence
  1517 | D:2      | Killed Terence
  1518 | D:2      | Reached XP level 4. HP: 32/32 MP: 4/4
  2464 | D:3      | Noticed Robin
  2476 | D:3      | Killed Robin
  2477 | D:3      | Reached XP level 5. HP: 29/37 MP: 5/5
  2574 | D:3      | Found a runed translucent door.
  2575 | D:3      | Noticed Crazy Yiuf
  2582 | D:3      | Killed Crazy Yiuf
  3271 | D:4      | Reached XP level 6. HP: 35/44 MP: 6/6
  3567 | D:4      | Reached XP level 7. HP: 49/49 MP: 7/7
  3568 | D:4      | Reached skill level 5 in Axes
  3896 | D:4      | Reached skill level 5 in Fighting
  4598 | D:5      | Entered Level 5 of the Dungeon
  4747 | D:5      | Reached XP level 8. HP: 50/57 MP: 8/8
  5080 | D:6      | Slain by a sky beast

Illustrated notes

Levels and vault maps discovered:
D:1:      psy_arrival_conway, layout_basic, hangedman_abyss_or_decor_stabs
D:2:      layout_basic, serial_rivers, chequers_serial_rivers_marsh,
          chequers_serial_rivers_micro_e, chequers_serial_rivers_small_a,
          chequers_serial_rivers_micro_c, minmay_pentomino_v2, uniq_terence
D:3:      layout_basic, uniq_robin, uniq_crazy_yiuf_cottage
D:4:      layout_basic, kennysheep_donut
D:5:      layout_basic, serial_shops, nicolae_shop_behind_doors
D:6:      layout_cave_pools, serial_shops, shop, grunt_ministairs_10,
          hangedman_decor_riveting, uniq_maggie

Skill      XL: |  1  2  3  4  5  6  7 |
---------------+----------------------+-----
Axes           | 3 4 5 |  5.5
Fighting       | 4 5 |  5.7
Dodging        | 4 |  4.7
Shields        | 4 |  4.6

Action                   |  1- 3 |  4- 6 |  7- 9 || total
-------------------------+-------+-------+-------++-------
Melee: War axe           |    43 |    83 |    53 ||   179
       Constrict         |    11 |    21 |    19 ||    51
       Tentacles         |     5 |    11 |    11 ||    27
       Kick              |     4 |    24 |    18 ||    46
Throw: Dart              |     1 |     1 |     2 ||     4
  Use: Scroll            |     8 |     6 |     6 ||    20
       Potion            |     1 |       |     2 ||     3
 Stab: Sleeping          |     4 |     9 |     3 ||    16
       Distracted        |     1 |       |       ||     1
Armor: Skin              |       |     2 |     1 ||     3
Dodge: Dodged            |    17 |    20 |    17 ||    54
Block: Kite shield       |    21 |    29 |    21 ||    71

Table legend: (Time is in decaauts)
 A = Elapsed time spent in this place.
 B = Non-inter-level travel time spent in this place.
 C = Inter-level travel time spent in this place.
 D = Time resting spent in this place.
 E = Time spent auto-exploring this place.
 F = Levels seen in this place.
 G = Mean time per level.
                   A        B        C        D        E       F      G
               +--------+--------+--------+--------+--------+-----+--------+
         Total |   5127 |   5061 |     66 |    828 |   3612 |   6 |  854.5 |
       Dungeon |   5127 |   5061 |     66 |    828 |   3612 |   6 |  854.5 |
               +--------+--------+--------+--------+--------+-----+--------+

Top non-repeatable levels by time:
     D:4: 1374 daAuts
     D:3: 1215 daAuts
     D:1: 1090 daAuts
     D:2: 960 daAuts
     D:6: 290 daAuts
     D:5: 195 daAuts
